 Dungeon Crawl Stone Soup version 0.24.1-14-gf8d2b509d9 (webtiles) character file.

Game seed: 7155398248189982144, levelgen mode: deterministic

42 mortelune the Poker (level 3, 0/27 HPs)
             Began as a Merfolk Skald on June 6, 2020.
             Succumbed to an adder's poison
             ... on level 2 of the Dungeon.
             The game lasted 00:02:46 (2868 turns).

mortelune the Poker (Merfolk Skald)                 Turns: 2868, Time: 00:02:47

Health: 0/27       AC:  5    Str: 12    XL:     3   Next: 56%
Magic:  6/6        EV: 12    Int: 12    God:
Gold:   48         SH:  0    Dex: 13    Spells: 3/6 levels left

rFire    . . .     SeeInvis .   a - +0 spear
rCold    . . .     Gourm    .   (no shield)
rNeg     . . .     Faith    .   c - +0 ring mail
rPois    .         Spirit   .   (no helmet)
rElec    .         Reflect  .   (no cloak)
rCorr    .         Harm     .   (no gloves)
MR       .....                  (no boots)
Stlth    +.........             (no amulet)
HPRegen  0.09/turn              (no ring)
MPRegen  0.10/turn              (no ring)

@: lethally poisoned (0 -> -20)
A: change form in water, swift swim, stealthy swim
a: no special abilities


You were on level 2 of the Dungeon.
You were not hungry.

You visited 1 branch of the dungeon, and saw 2 of its levels.

You collected 48 gold pieces.

Inventory:

Hand Weapons
 a - a +0 spear (weapon)
Armour
 b - a +0 leather armour
 c - a +0 ring mail (worn)
Scrolls
 e - 2 scrolls of identify {unknown}
Comestibles
 d - 7 rations
 g - a chunk of flesh


   Skills:
 - Level 2.1 Fighting
 + Level 4.0 Polearms
 - Level 0.6 Armour
 + Level 3.6 Dodging
 - Level 2.0 Spellcasting
 + Level 3.9 Charms


You had 3 spell levels left.
You knew the following spells:

 Your Spells              Type           Power        Failure   Level  Hunger
a - Infusion              Chrm           ##..         12%         1    ##.....
b - Song of Slaying       Chrm           ##......     19%         2    ###....

Your spell library contained the following spells:

 Spells                   Type           Power        Failure   Level  Hunger
 Shroud of Golubria       Chrm/Tloc      #.....       38%         2    ###....
 Regeneration             Chrm/Necr      #.........   63%         3    ####...
 Spectral Weapon          Hex/Chrm       #.......     63%         3    ####...


Dungeon Overview and Level Annotations

Branches:
Dungeon (2/15)

Altars:
Ru


Message History

The adder bites you.
* * * LOW HITPOINT WARNING * * *
You are more poisoned.
The adder poisons you!
Evoke which item? (* to show all) (? for menu, Esc to quit)
Okay, then.
You miss the adder.
The adder is severely wounded.
* * * LOW HITPOINT WARNING * * *
You feel sick. The adder bites you.
* * * LOW HITPOINT WARNING * * *
You are more poisoned.
The adder poisons you!
You barely miss the adder.
The adder is severely wounded.
* * * LOW HITPOINT WARNING * * *
You feel sick. The adder barely misses you.
You hit the adder but do no damage.
The adder is severely wounded.
You die...

################
#..............#
#.############.####
#..............#..
########.#.##########.#.#
........###.# ###.#.#
########.#.## ##>....##
#....# ...(....... #.#S@#
####.######
#............. #.
#.#.#######.#. #. #.... #
..... ##... ##. #. #


You could see an adder.

Vanquished Creatures
  2 worms (D:2)
  2 dart slugs (D:1)
  A leopard gecko (D:1)
  A giant cockroach (D:1)
  2 goblins (D:1)
  6 hobgoblins (D:1)
  7 jackals (D:1)
  2 bats (D:1)
  2 kobolds (D:2)
  4 rats
29 creatures vanquished.

Notes
Turn   | Place    | Note
-------+----------+-------------------------------------------
     0 | D:1      | mortelune the Merfolk Skald began the quest for the Orb.
     0 | D:1      | Reached XP level 1. HP: 16/16 MP: 3/3
   419 | D:1      | Reached XP level 2. HP: 9/22 MP: 5/5
   791 | D:1      | Learned a level 2 spell: Song of Slaying
  1629 | D:1      | Reached XP level 3. HP: 19/27 MP: 2/6
  2614 | D:2      | Found a sacrificial altar of Ru.
  2628 | D:2      | Reached skill level 4 in Polearms
  2867 | D:2      | HP: 1/27 [poisoned by an adder]
  2868 | D:2      | Succumbed to an adder's poison

Levels and vault maps discovered:
D:1:      saegor_arrival_under_anarchy, layout_basic
D:2:      layout_loops_ring, nicolae_ru_awakened_eye,
          ashenzari_conservatory_becter

Skill      XL: |  1  2  3 |
---------------+----------+-----
Dodging        | 3 |  3.6
Polearms       | 4 |  4.0
Fighting       | |  2.1
Armour         | |  0.6
Spellcasting   | |  2.0
Charms         | |  3.9

Action                   || total
-------------------------++-------
Melee: Spear             ||   156
 Cast: Infusion          ||     4
       Song of Slaying   ||     2
  Use: Scroll            ||     1
  Eat: Chunk             ||     6
Armor: Ring mail         ||    41
       Leather armour    ||     2
Dodge: Dodged            ||    78
